 Dungeon Crawl Stone Soup version 0.30.1-3-gfc49f6343a (webtiles) character file.

Game seed: 5370631567177123604

130 FishyPogo the Grasshopper (level 4, -3/58 HPs)
             Began as an Armataur Warper on Aug 4, 2023.
             Slain by an iron imp (7 damage)
             ... on level 3 of the Dungeon.
             The game lasted 00:05:57 (1775 turns).

FishyPogo the Grasshopper (Armataur Warper)         Turns: 1775, Time: 00:05:57

Health: -3/58      AC:  6    Str: 16    XL:     4   Next: 89%
Magic:  7/7        EV:  9    Int: 13    God:
Gold:   111        SH:  4    Dex: 12    Spells: 7/7 levels left

rFire   . . .        a - +0 mace
rCold   . . .        m - +0 buckler
rNeg    . . .        b - +0 leather armour
rPois   .            o - +0 helmet
rElec   .            (no cloak)
rCorr   .            h - +0 pair of gloves
SInv    .            (no barding)
Will    .....        (no amulet) Stlth
                     (no ring)
HPRegen 0.29/turn    (no ring)
MPRegen 0.10/turn

%: roll
@: berserking, very quick
A: large, rugged brown scales 3, deformed body, armoured tail, roll, long
tongue, awkward tongue
a: no special abilities


You were on level 3 of the Dungeon.
You visited 1 branch of the dungeon, and saw 3 of its levels.

You collected 111 gold pieces.

Inventory:

Hand Weapons
 a - a +0 mace (weapon)
Missiles
 d - 7 boomerangs of dispersal (quivered)
 g - 17 stones
 l - 5 poisoned darts
Armour
 b - a +0 leather armour (worn)
 h - a +0 pair of gloves (worn)
 m - a +0 buckler (worn)
 o - a +0 helmet (worn)
Jewellery
 f - a ring of ice
Scrolls
 c - a scroll of blinking
 e - a scroll of enchant armour {unknown}
 i - 4 scrolls of identify {unknown}
 k - a scroll of fog {unknown}
 p - 3 scrolls of teleportation {unknown}
Potions
 n - a potion of cancellation {unknown}
 q - a potion of curing {unknown}
 r - a potion of haste {unknown}


   Skills:
 + Level 2.3 Fighting
 + Level 2.3 Maces & Flails
 - Level 1.0 Throwing
 - Level 2.0 Armour
 + Level 1.9 Dodging
 * Level 1.8 Shields
 - Level 2.0 Spellcasting
 * Level 3.9 Translocations


You had 7 spell levels left.
You didn't know any spells.
Your spell library contained the following spells:

 Spells                   Type           Power      Damage    Failure   Level
 Blink                    Tloc           22%        N/A       13%         2
 Lesser Beckoning         Tloc           22%        N/A       13%         2
 Teleport Other           Tloc           11%        N/A       26%         3
 Vhi's Electric Charge    Tloc/Air       12%        N/A       50%         3
 Manifold Assault         Tloc           11%        N/A       63%         4


Dungeon Overview and Level Annotations

Branches:
Dungeon (3/15)

Altars:
Makhleb


Innate Abilities, Weirdness & Mutations

You are completely covered in rugged brown scales. (AC +3, +7% HP)
Armour fits poorly on your strangely shaped body.
You have a long armoured tail.
You roll when moving toward enemies. (Rampage)
Your long tongue fully drains potion bottles. (2x potion effects)
Your tongue gives you trouble enunciating. (1.5x scroll delay)


Message History

The iron imp hits you. The iron imp closely misses you.
You hit the iron imp. You tail-slap the iron imp.
The iron imp is severely wounded.
The iron imp completely misses you. The iron imp closely misses you.
You hit the iron imp.
You kill the iron imp!
You block the iron imp's attack.
You closely miss the iron imp. You tail-slap the iron imp.
The iron imp is heavily wounded.
The iron imp barely misses you. You block the iron imp's attack.
The iron imp hits you.
You barely miss the iron imp. You tail-slap the iron imp.
The iron imp is severely wounded.
The iron imp hits you! The iron imp hits you.
You are too injured to fight recklessly!
You are too injured to fight recklessly!
You closely miss the iron imp.
Your tail-slap misses the iron imp.
The iron imp is severely wounded.
You block the iron imp's attack. The iron imp closely misses you.
You hit the iron imp but do no damage.
The iron imp is severely wounded.
The iron imp hits you. x2
* * * LOW HITPOINT WARNING * * *
You barely miss the iron imp.
The iron imp is severely wounded.
The iron imp hits you.
* * * LOW HITPOINT WARNING * * *
The iron imp hits you but does no damage.
It was a potion of berserk rage.
A red film seems to cover your vision as you go berserk!
You feel yourself moving faster!
You feel mighty!
You slurp down every last drop of the potion of berserk rage!
You block the iron imp's attack. The iron imp hits you!
* * * LOW HITPOINT WARNING * * *
Unknown command.
You are too berserk!
You barely miss the iron imp.
The iron imp is severely wounded.
The iron imp hits you!
You die...

#.....§§......# #
#!....≈≈......# #
#.._..§8§.....# #
#.....§§§.....####
#.....§≈§.......##
#....≈≈.........+.
#.≈≈≈§..........#.
#5≈≈≈...........#.
#@5...............
#############.....
#............
#............
#.......#####
#.......## #
#........# #
#####'##.####
#.#......


You could see 2 iron imps.

Vanquished Creatures
  A scorpion (D:3)
  An iron imp (D:3)
  2 worms (D:2)
  2 dart slugs
  3 endoplasms
  2 giant cockroaches
  A goblin (D:2)
  3 hobgoblins (D:1)
  3 quokkas
  3 ball pythons
  4 bats
  6 frilled lizards
  3 kobolds (D:2)
  7 rats
41 creatures vanquished.

Notes
Turn   | Place    | Note
-------+----------+-------------------------------------------
     0 | D:1      | FishyPogo the Armataur Warper began the quest for the Orb.
     0 | D:1      | Reached XP level 1. HP: 18/18 MP: 3/3
   247 | D:1      | Reached skill level 1 in Throwing
   309 | D:1      | Reached XP level 2. HP: 21/25 MP: 4/4
  1159 | D:2      | Reached XP level 3. HP: 28/31 MP: 6/6
  1667 | D:3      | Noticed a scorpion
  1679 | D:3      | Killed a scorpion
  1680 | D:3      | Reached skill level 1 in Shields
  1680 | D:3      | Reached XP level 4. HP: 36/38 MP: 7/7
  1750 | D:3      | Found a burning altar of Makhleb.
  1775 | D:3      | Slain by an iron imp

Illustrated notes

Levels and vault maps discovered:
D:1:      lightli_arrival_farm, layout_basic
D:2:      layout_basic
D:3:      layout_basic, demons_altar

Skill      XL: |  1  2  3 |
---------------+----------+-----
Throwing       | 1 |  1.0
Maces & Flails | 2 |  2.3
Spellcasting   | 2 |  2.0
Fighting       | 2 |  2.3
Armour         | 2 |  2.0
Shields        | 1 |  1.8
Dodging        | |  1.9
Translocations | |  3.9

Action                     |  1- 3 |  4- 6 || total
---------------------------+-------+-------++-------
  Melee: Mace              |   127 |    15 ||   142
         Tailslap          |     9 |     3 ||    12
  Throw: Dart              |     2 |       ||     2
    Use: Potion            |       |     1 ||     1
 Armour: Leather armour    |    54 |     7 ||    61
  Dodge: Dodged            |    53 |     6 ||    59
  Block: Buckler           |     7 |     4 ||    11
